 Dungeon Crawl Stone Soup version 0.26.0-10-g1f06aea511 (webtiles) character file.

Game seed: 12556553189286047122

148 inc the Vexing (level 5, -9/21 HPs)
             Began as a Felid Enchanter on Feb 1, 2021.
             Mangled by a centaur (10 damage)
             ... on level 4 of the Dungeon.
             The game lasted 00:07:39 (5853 turns).

inc the Vexing (Felid Enchanter)                    Turns: 5853, Time: 00:07:39

Health: -9/21      AC:  2    Str:  1 (4)  XL:     5   Next: 8%
Magic:  9/12       EV: 19    Int: 15 (17) God:
Gold:   131        SH:  0    Dex: 21 (23) Spells: 6/12 levels left
                                        Lives:  0   Deaths: 1

rFire    + . .     SeeInvis +     - Unarmed
rCold    . . .     Faith    +   (shield unavailable)
rNeg     . . .     Spirit   .   (armour unavailable)
rPois    .         Reflect  .   (helmet unavailable)
rElec    .         Harm     .   (cloak unavailable)
rCorr    .         Rampage  .   (gloves unavailable)
Will     .....     Clarity  +   (boots unavailable)
Stlth    +++.......             b - amulet of faith
HPRegen  0.07/turn              t - +6 ring of dexterity
MPRegen  0.13/turn              (no ring)

@: quick
A: very small, no armour, no weapons or thrown items, stealth, claws 1, fangs 3,
see invisible, clarity, fire resistance 1, speed 1, shaggy fur 2, sharp paws
a: no special abilities


You were on level 4 of the Dungeon.
You visited 1 branch of the dungeon, and saw 4 of its levels.

You collected 131 gold pieces.

Inventory:

Jewellery
 b - an amulet of faith (around neck)
 t - a +6 ring of dexterity (left paw)
Wands
 s - a wand of random effects (6)
Scrolls
 a - 4 scrolls of identify
 d - a scroll of immolation {unknown}
 h - a scroll of teleportation {unknown}
 j - 3 scrolls of remove curse {unknown}
 n - 2 scrolls of enchant weapon {unknown}
 q - 2 scrolls of amnesia {unknown}
 r - 2 scrolls of random uselessness
Potions
 e - a potion of resistance {unknown}
 g - a potion of lignification
 i - a potion of heal wounds {unknown}
 k - a potion of attraction
 l - a potion of degeneration
 m - a potion of haste
 o - a potion of invisibility
 p - a potion of might


   Skills:
 + Level 0.8 Fighting
 + Level 3.1 Dodging
 - Level 4.0 Stealth
 - Level 3.1 Unarmed Combat
 - Level 4.0 Spellcasting
 - Level 5.0 Hexes
 - Level 1.1 Ice Magic


You had 6 spell levels left.
You knew the following spells:

 Your Spells              Type           Power        Failure   Level
a - Corona                Hex            20%          2%          1
b - Ensorcelled Hibernat  Hex/Ice        24%          8%          2
c - Confusing Touch       Hex            18%          7%          3

Your spell library contained the following spells:

 Spells                   Type           Power        Failure   Level
 Tukima's Dance           Hex            18%          7%          3
 Dazzling Flash           Conj/Hex       20%          19%         3


Dungeon Overview and Level Annotations

Branches:
Dungeon (4/15)
 Temple: D:4-7

Altars:
Ashenzari
Cheibriados
Hepliaklqana
Kikubaaqudgha
Okawaru


Innate Abilities, Weirdness & Mutations

You cannot wear armour.
You are incapable of wielding weapons or throwing items.
Your paws allow you to move quietly. (Stealth)
You have sharp claws.
You have razor-sharp teeth.
You have supernaturally acute eyesight. (SInv)
You cover ground quickly.
You are covered in thick fur. (AC +2)
Your sharp claws are effective at attacking unaware monsters.
You possess an exceptional clarity of mind.
Your flesh is heat resistant. (rF+)


Message History

You scratch the centaur.
The centaur is almost dead.
The centaur barely misses you.
You scratch the centaur but do no damage.
The centaur is almost dead.
The centaur barely misses you. x2
You barely miss the centaur. You bite the centaur, but do no damage.
The centaur is almost dead.
The centaur misses you.
You scratch the centaur but do no damage.
The centaur is almost dead.
The centaur completely misses you. x2
You scratch the centaur but do no damage.
The centaur is almost dead.
The centaur hits you.
* * * LOW HITPOINT WARNING * * *
You scratch the centaur.
The centaur is almost dead.
The centaur hits you!
You die...

#.###...# #.#
#.#.....#### #.#
#.#.##..##.. #.#
#.#.....##.######.#
#.#####.##.#......#
#.......##.#.######
##########.#.#
#####.#.#
###..c@(#.#
#.....†....#
#.##.####### #. #


You could see a centaur.

Vanquished Creatures
  A howler monkey (D:4)
  An orc wizard (D:3)
  Ijyb (D:3)
  A worker ant (D:4)
  An adder (D:2)
  2 worms
  An adder skeleton (D:4)
  A dart slug (D:1)
  4 leopard geckos
  7 orcs
  A ball python (D:4)
  3 giant cockroaches
  9 goblins
  2 hobgoblins
  13 jackals
  6 kobolds
  9 bats
  3 frilled lizards (D:1)
  2 rats (D:1)
68 creatures vanquished.

Notes
Turn   | Place    | Note
-------+----------+-------------------------------------------
     0 | D:1      | inc the Felid Enchanter began the quest for the Orb.
     0 | D:1      | Reached XP level 1. HP: 7/7 MP: 4/4
   348 | D:1      | Reached XP level 2. HP: 3/11 MP: 6/6
   374 | D:1      | Learned a level 2 spell: Ensorcelled Hibernation
  1638 | D:1      | Reached XP level 3. HP: 14/14 MP: 7/7
  2865 | D:2      | Found a snail-covered altar of Cheibriados.
  2865 | D:2      | Found an ancient bone altar of Kikubaaqudgha.
  3109 | D:2      | Found a hazy altar of Hepliaklqana.
  3109 | D:2      | Found a broken altar of Ashenzari.
  3529 | D:3      | Noticed Ijyb
  3960 | D:3      | Reached XP level 4. HP: 15/18 MP: 1/9
  4202 | D:3      | Found an iron altar of Okawaru.
  4331 | D:3      | Killed Ijyb
  4905 | D:3      | Reached XP level 5. HP: 18/21 MP: 8/11
  5320 | D:3      | Learned a level 3 spell: Confusing Touch
  5442 | D:4      | Noticed a water moccasin
  5451 | D:4      | Slain by a water moccasin
  5452 | D:4      | Reached XP level 4. HP: -4/18 MP: 6/11
  5488 | D:4      | Reached skill level 1 in Ice Magic
  5496 | D:4      | Reached skill level 5 in Hexes
  5527 | D:4      | Gained mutation: Your body sometimes deteriorates upon
                  | taking damage. [potion of mutation]
  5527 | D:4      | Gained mutation: You are frail. (-10% HP) [potion of
                  | mutation]
  5527 | D:4      | Gained mutation: You expend magic power (3 MP) to
                  | strengthen your wands. [potion of mutation]
  5527 | D:4      | Gained mutation: You are covered in thick fur. (AC +2)
                  | [potion of mutation]
  5543 | D:4      | Reached XP level 5. HP: 9/18 MP: 4/12
  5548 | D:4      | Lost mutation: You are frail. (-10% HP) [potion of
                  | mutation]
  5548 | D:4      | Lost mutation: You expend magic power (3 MP) to strengthen
                  | your wands. [potion of mutation]
  5548 | D:4      | Lost mutation: Your body sometimes deteriorates upon taking
                  | damage. [potion of mutation]
  5548 | D:4      | Gained mutation: You are frail. (-10% HP) [potion of
                  | mutation]
  5548 | D:4      | Gained mutation: You are strong-willed. (Will+) [potion of
                  | mutation]
  5549 | D:4      | Lost mutation: You are strong-willed. (Will+) [potion of
                  | mutation]
  5549 | D:4      | Lost mutation: You are frail. (-10% HP) [potion of
                  | mutation]
  5549 | D:4      | Gained mutation: You possess an exceptional clarity of
                  | mind. [potion of mutation]
  5549 | D:4      | Gained mutation: Your flesh is heat resistant. (rF+)
                  | [potion of mutation]
  5574 | D:4      | Noticed a centaur
  5852 | D:4      | HP: 1/21 [centaur (6)]
  5853 | D:4      | Mangled by a centaur

Illustrated notes

Levels and vault maps discovered:
D:1:      amcnicky_arrival_gap_in_the_tavern_cellar, layout_basic
D:2:      layout_basic, gammafunk_temple_overflow_pools,
          gammafunk_temple_overflow_elements, minmay_misc_feat_columns
D:3:      layout_basic, okawaru_gym_becter, uniq_ijyb
D:4:      layout_basic, minmay_temple_entry_proselytizer, serial_shops, shop,
          uniq_crazy_yiuf_cottage

Skill      XL: |  1  2  3  4  5 |
---------------+----------------+-----
Unarmed Combat | 2 3 |  3.1
Spellcasting   | 3 4 |  4.0
Ice Magic      | 1 |  1.1
Hexes          | 5 |  5.0
Dodging        | 3 |  3.1
Fighting       | |  0.8
Stealth        | |  4.0

Action                   |  1- 3 |  4- 6 || total
-------------------------+-------+-------++-------
Melee: Unarmed           |    94 |    62 ||   156
       Bite              |     4 |     3 ||     7
 Cast: Corona            |     1 |       ||     1
       Ensorcelled Hiber |    34 |    40 ||    74
  Use: Potion            |       |     7 ||     7
       Scroll            |       |     4 ||     4
 Stab: Sleeping          |    31 |    20 ||    51
       Invisible         |       |     3 ||     3
Armor: Skin              |     8 |    10 ||    18
Dodge: Dodged            |   107 |   104 ||   211
